 Dungeon Crawl Stone Soup version 0.31-a0-924-ge39a22a033 (webtiles) character file.

Game seed: 11411407218426003506

123096 Morbidden the Thaumaturge (level 16, 0/134 HPs)
             Began as a Green Draconian Conjurer on Oct 18, 2023.
             Was the Champion of Cheibriados.
             Killed from afar by a wretched star (36 damage)
             ... with a lance of force
             ... on level 2 of the Abyss.
             The game lasted 00:57:29 (33474 turns).

Morbidden the Thaumaturge (DrCj)                   Turns: 33474, Time: 00:57:29

Health: 0/134      AC: 14    Str: 25    XL:     16   Next: 36%
Magic:  37/44      EV: 20    Int: 39    God:    Cheibriados [******]
Gold:   1189       SH:  0    Dex: 27    Spells: 5/41 levels left

rFire   + . .        a - +8 pair of quick blades "Gyre" and "Gimble" {protect}
rCold   + . .        (shield currently unavailable)
rNeg    . . .        (body armour unavailable)
rPois   +            (helmet restricted)
rElec   .            P - scarf {rC+ rF+}
rCorr   .            L - +1 pair of gloves of Inevitability {Slay+2}
SInv    .            A - +2 pair of boots {Stlth+}
Will    +....        K - amulet of magic regeneration
Stlth   +++++        p - ring of magical power
HPRegen 0.42/turn    e - ring of magical power
MPRegen 0.69/turn

%: no passive effects
@: very slow
A: breathe noxious fumes, AC +9, unfitting armour, stinger 1, poison resistance,
cold-blooded, [low MP 2]
a: Breathe Noxious Fumes, Renounce Religion, Bend Time, Temporal Distortion,
Slouch, Step From Time


You were on level 2 of the Abyss.
You worshipped Cheibriados.
Cheibriados was exalted by your worship.
You visited 5 branches of the dungeon, and saw 25 of its levels.
You visited the Abyss 1 time.
You also visited: Bailey and Gauntlet.

You collected 2470 gold pieces.
You spent 1281 gold pieces at shops.

Inventory:

Hand Weapons
 a - the +8 pair of quick blades "Gyre" and "Gimble" (weapon) {protect}
   (You found it on level 11 of the Dungeon)
 b - a +6 quick blade of electrocution
Missiles
 l - 5 throwing nets
 O - 4 javelins
Armour
 A - a +2 pair of boots of stealth (worn)
 L - the +1 pair of gloves of Inevitability (worn) {Slay+2}
   (You found it in a Gauntlet)

   Slay+2:    It affects your accuracy & damage with ranged weapons and melee
   (+2).
 P - a scarf of resistance (worn)
Jewellery
 e - a ring of magical power (right hand)
 o - the ring of Wapn {*Slow rF+ Will+ Str+3 Stlth+}
   (You found it on level 4 of the Dungeon)

   [ring of protection from fire]

   Str+3:     It affects your strength (+3).
   rF+:       It protects you from fire.
   Will+:     It increases your willpower.
   *Slow:     It may slow you when you take damage.
   Stlth+:    It makes you more stealthy.
 p - a ring of magical power (left hand)
 s - a ring of see invisible
 v - the ring of Ucal {rElec rPois rF+ Int+3}
   (You acquired it on level 7 of the Dungeon)

   [ring of protection from fire]

   Int+3:     It affects your intelligence (+3).
   rF+:       It protects you from fire.
   rElec:     It insulates you from electricity.
   rPois:     It protects you from poison
 D - a ring of positive energy
 F - a ring of protection from fire
 K - an amulet of magic regeneration (around neck)
 Y - a +5 ring of evasion
Talismans
 I - a maw talisman
Wands
 t - a wand of polymorph (5)
 u - a wand of charming (16)
 w - a wand of flame (51)
 y - a wand of digging (4)
 S - a wand of roots (15)
 W - a wand of acid (10)
Scrolls
 c - a scroll of teleportation
 d - 10 scrolls of identify
 f - 2 scrolls of amnesia
 m - a scroll of enchant armour
 E - a scroll of fog
 T - a scroll of brand weapon
 U - 3 scrolls of revelation
 X - 2 scrolls of poison
 Z - a scroll of enchant weapon
Potions
 g - 7 potions of enlightenment
 h - 4 potions of curing
 i - a potion of attraction {unknown}
 j - a potion of resistance {unknown}
 k - a potion of cancellation {unknown}
 q - 4 potions of lignification {unknown}
 r - 2 potions of berserk rage {unknown}
 x - 5 potions of mutation {unknown}
 C - 3 potions of brilliance {unknown}
 G - a potion of heal wounds
 J - 5 potions of might {unknown}
 M - 2 potions of haste {unknown}
 N - 2 potions of ambrosia {unknown}
 R - a potion of invisibility {unknown}
Miscellaneous
 z - a phantom mirror
 B - a phial of floods
 H - a lightning rod (3/4)
 Q - a sack of spiders
 V - a condenser vane (inert)


   Skills:
 * Level 9.8 Fighting
 * Level 8.7 Short Blades
 * Level 8.7 Dodging
 + Level 4.8 Stealth
 + Level 6.1 Unarmed Combat
 * Level 13.4 Spellcasting
 * Level 13.0 Conjurations
 * Level 8.5 Translocations
 * Level 1.4 Fire Magic
 * Level 6.0 Air Magic
 * Level 7.1 Earth Magic
 + Level 5.4 Poison Magic
 * Level 7.4 Invocations
 + Level 1.0 Evocations
 * Level 5.7 Shapeshifting


You had 5 spell levels left.
You knew the following spells:

 Your Spells              Type           Power      Damage    Failure   Level
a - Airstrike             Air            32%        2d(5-21)  1%          4
b - Bombard               Conj/Erth      40%        9d7       3%          6
c - Magic Dart            Conj           100%       1d8       0%          1
d - Olgreb's Toxic Radia  Pois           62%        N/A       1%          4
e - Searing Ray           Conj           100%       2d8       0%          2
f - Plasma Beam           Fire/Air       26%        2x1d39    41%         6
s - Brom's Barrelling Bo  Conj/Erth      81%        2d9       1%          4
x - Arcjolt               Conj/Air       39%        1d49      1%          5
z - Iskenderun's Mystic   Conj/Tloc      84%        2d17      1%          4

Your spell library contained the following spells:

 Spells                   Type           Power      Damage    Failure   Level
 Apportation              Tloc           100%       N/A       1%          1
 Kiss of Death            Conj/Necr      100%       2d13      1%          1
 Sandblast                Erth           100%       2d20      1%          1
 Sting                    Tmut/Pois      100%       1d8       1%          1
 Summon Small Mammal      Summ           100%       N/A       1%          1
 Blink                    Tloc           100%       N/A       1%          2
 Ensorcelled Hibernation  Hex/Ice        52%        N/A       1%          2
 Jinxbite                 Hex            52%        N/A       1%          2
 Lesser Beckoning         Tloc           100%       N/A       1%          2
 Momentum Strike          Conj/Tloc      100%       3d10      1%          2
 Passwall                 Tmut/Erth      43%        N/A       1%          2
 Poisonous Vapours        Pois/Air       100%       N/A       1%          2
 Static Discharge         Conj/Air       100%       2-7/arc   1%          2
 Dazzling Flash           Conj/Hex       100%       N/A       1%          3
 Ignite Poison            Fire/Tmut/Pois 44%        N/A       1%          3
 Stone Arrow              Conj/Erth      100%       3d13      1%          3
 Fulminant Prism          Conj/Hex       33%        3d16      1%          4
 Sticky Flame             Conj/Fire      70%        2d8       1%          4
 Vhi's Electric Charge    Tloc/Air       100%       N/A       1%          4
 Lee's Rapid Deconstruct  Erth           35%        3d18*     1%          5
 Leda's Liquefaction      Hex/Erth       26%        N/A       3%          4
 Petrify                  Tmut/Erth      52%        N/A       3%          4
 Summon Lightning Spire   Summ/Air       50%        N/A       3%          4
 Call Canine Familiar     Summ           26%        N/A       4%          3
 Confusing Touch          Hex            26%        N/A       4%          3
 Frozen Ramparts          Ice            52%        1d8       4%          3
 Summon Guardian Golem    Hex/Summ       26%        N/A       4%          3
 Summon Forest            Summ/Tloc      28%        N/A       6%          5
 Alistair's Intoxication  Tmut/Pois      31%        N/A       12%         5
 Anguish                  Hex/Necr       13%        N/A       13%         4
 Dispel Undead            Necr           26%        3d13      13%         4
 Metabolic Englaciation   Hex/Ice        13%        N/A       36%         5
 Summon Mana Viper        Hex/Summ       26%        N/A       36%         5
 Summon Cactus Giant      Summ           13%        N/A       90%         6
 Ignition                 Fire           18%        3d7       100%        8


Dungeon Overview and Level Annotations

Branches:
Dungeon (15/15)            Temple (1/1) D:4            Lair (5/5) D:11
  Swamp (2/4) Lair:2        Snake (0/4) Lair:2        Slime (0/5) Lair:4
    Orc (2/2) D:11            Elf (0/3) Orc:2        Vaults (0/5) D:13
 Depths (0/4) D:15         Bailey (visited)         Gauntlet (visited)

Altars:
Ashenzari
Cheibriados
Dithmenos
Elyvilon
Fedhas
Gozag
Kikubaaqudgha
Makhleb
Nemelex Xobeh
Okawaru
Qazlal
Ru
Sif Muna
Trog
Uskayaw
Vehumet
Wu Jian
Xom
Yredelemnul
Zin
The Shining One

Shops:
D:4 !   D:14 =[   Orc:1 ***=   Orc:2 **[[

Portals:
Trove: D:12 (give 5 scrolls of fear)

Annotations:
Swamp:2 Louise


Innate Abilities, Weirdness & Mutations

You can breathe blasts of noxious fumes.
Your lurid green scales are hard. (AC +9)
You cannot fit into any form of body armour.
Your tail ends in a venomous barb.
Your system is resistant to poisons. (rPois)
You are cold-blooded and may be slowed by cold attacks.
[Your magical capacity is very low. (-20% MP)]


Message History

Unknown command.
Unknown command.
You feel much better. The hornet stings you.
You feel yourself slow down. The ghoul completely misses you.
The ghoul claws you but does no damage.
The hornet stings you but does no damage.
Unknown command.
Unknown command.
Magic courses through your body. The hornet closely misses you.
The ghoul closely misses you. The ghoul claws you!
The hornet barely misses you.
The large abomination barely misses you.
The ghoul claws you but does no damage. The ghoul claws you!
* * * LOW HITPOINT WARNING * * *
Unknown command.
Unknown command.
Unknown command.
Unknown command.
Casting: Iskenderun's Mystic Blast (safe; 1% risk of failure)
Confirm with . or Enter, or press ? or * to list all spells.
Electricity surges outward!
The ghoul is struck by an electric surge!!
The ghoul is moderately damaged.
The hornet is struck by an electric surge!!
You kill the hornet!
Cheibriados thoroughly appreciates the change of pace.
The hornet's shape twists and changes as it dies.
The large abomination is struck by an electric surge!!
The large abomination is moderately damaged.
The wretched star resists.
The wretched star is struck by an electric surge.
The wretched star is moderately damaged.
The large abomination is struck by an electric surge!!
The large abomination is moderately damaged.
The large abomination is struck by an electric surge.
The large abomination is moderately damaged.
You feel yourself speed up.
You hear a horrible gurgling sound!
The wretched star glows turbulently.
The lance of force hits you!!!
You die...

.. ... #..# #..
..?.#
#####_#.###
#####~@#......H
#x...#Xn/*.#
#.X#X#.##
#..#..)[.#
#~......#.~#
####.#.#####
#.[.. ....#..
....##.#


You could see a ghoul, a wretched star and 3 large abominations.

Vanquished Creatures
  Kirke (Lair:4)
  A tengu reaver (D:12)
  A storm dragon (D:12)
  Nessos (Lair:4)
  A minotaur (Gauntlet)
  3 eleionomae (Swamp:1)
  A bunyip (Swamp:1)
  A dire elephant (Gauntlet)
  Josephine (Orc:2)
  An ettin (shapeshifter) (D:12)
  Snorg (D:14)
  5 hydras
  2 rakshasas
  4 vault guards (D:13)
  3 ogre magi
  3 boulder beetles
  3 centaur warriors
  2 alligators (Swamp:1)
  9 death yaks (Lair:4)
  3 catoblepae
  13 two-headed ogres
  3 deep troll earth magi
  A tengu warrior (D:14)
  4 orc high priests (Orc:2)
  A deep elf knight (D:13)
  6 skeletal warriors
  4 skysharks
  Lodul (D:13)
  2 spriggan druids
  2 goliath frogs (Swamp:1)
  An arcanist (D:13)
  A deep elf archer (D:13)
  3 swamp dragons
  4 bog bodies
  3 orc knights
  4 ugly things
  A deep elf zephyrmancer (D:12)
  A wolf spider (Lair:1)
  2 cyclopes
  3 orc sorcerers
  5 manticores
  A salamander (shapeshifter) (D:14)
  12 elephants
  2 will-o-the-wisps (Swamp:1)
  A black mamba (Lair:4)
  3 molten gargoyles (D:10)
  Jeremiah (D:7)
  A torpor snail (Lair:5)
  2 gargoyles
  17 cane toads
  A rime drake (Lair:1)
  2 efreet
  A tengu conjurer (D:14)
  5 komodo dragons
  4 yaktaurs
  A kobold demonologist (D:13)
  An ancient zyme (Abyss:2)
  5 tyrant leeches
  4 trolls
  A hornet (shapeshifter) (Abyss:2)
  2 hornets
  13 blink frogs
  7 dream sheep (Lair:5)
  20 slime creatures
  A water elemental (D:13)
  3 shadows
  A culicivora (shapeshifter) (D:13)
  A centaur simulacrum (D:14)
  Sigmund (D:6)
  9 wraiths
  3 spriggans
  A vampire (D:12)
  5 wyverns
  Eustachio (D:6)
  62 yaks
  3 hogs (Lair:4)
  11 vampire mosquitoes
  7 basilisks
  3 steam dragons
  3 nagas (Lair:2)
  17 swamp worms
  3 wargs
  2 acid dragons (D:12)
  19 water moccasins
  A swamp drake (Swamp:2)
  26 orc warriors
  A sky beast (D:7)
  6 black bears
  3 ice beasts (D:6)
  4 boggarts (Abyss:2)
  6 centaurs
  28 wolves
  19 ogres
  A phantom (D:6)
  20 bullfrogs
  2 kobold brigands (D:10)
  8 gnoll sergeants (Bailey)
  5 scorpions
  A wyvern zombie (D:6)
  9 killer bees (D:9)
  7 electric eels
  2 centaur zombies
  6 howler monkeys
  4 bullfrog zombies
  6 jellies
  A sleepcap (D:5)
  7 hounds
  32 orc priests
  7 gnoll boudas
  27 orc wizards
  Terence (D:3)
  4 iguanas
  2 hell rats (Lair:2)
  The ghost of boombarfnjin2354fg the Magician, a weakling MeHW (D:3)
  2 howler monkey zombies (D:6)
  19 gnolls
  8 adders
  10 river rats (Lair:2)
  3 white imps
  A shadow imp (D:6)
  5 ufetubi
  A worm (D:4)
  A dart slug (D:1)
  83 orcs
  4 bats
  9 endoplasms
  4 giant cockroaches
  13 goblins
  7 hobgoblins
  16 kobolds
  5 quokkas
  8 ball pythons
  7 frilled lizards
  9 rats
837 creatures vanquished.

Vanquished Creatures (collateral kills)
  8 boulders
8 creatures vanquished.

Vanquished Creatures (others)
  A bloated husk (Swamp:2)
  3 boulders (Swamp:1)
4 creatures vanquished.

Grand Total: 849 creatures vanquished

Notes
Turn   | Place    | Note
-------+----------+-------------------------------------------
     0 | D:1      | Morbidden the Draconian Conjurer began the quest for the
                  | Orb.
     0 | D:1      | Reached XP level 1. HP: 14/14 MP: 3/3
   218 | D:1      | Reached XP level 2. HP: 22/22 MP: 3/5
   387 | D:1      | Reached skill level 1 in Fighting
   513 | D:1      | Learned a level 2 spell: Searing Ray
  1118 | D:1      | Reached XP level 3. HP: 28/28 MP: 1/6
  2374 | D:2      | Reached skill level 1 in Unarmed Combat
  2374 | D:2      | Reached XP level 4. HP: 35/35 MP: 7/7
  2688 | D:3      | Found a blossoming altar of Fedhas.
  2753 | D:3      | Found a runed translucent gate.
  2753 | D:3      | Found a runed translucent gate.
  2755 | D:3      | Found a runed translucent gate.
  2755 | D:3      | Noticed Terence
  2767 | D:3      | Killed Terence
  3054 | D:3      | Reached XP level 5. HP: 40/40 MP: 9/9
  3230 | D:3      | Noticed boombarfnjin2354fg's ghost (weakling MeHW)
  3401 | D:3      | Reached skill level 5 in Conjurations
  3579 | D:3      | Killed boombarfnjin2354fg's ghost
  3718 | D:4      | Reached XP level 6. HP: 48/48 MP: 11/11
  3809 | D:4      | Identified the ring of Wapn {*Slow rF+ Will+ Str+3 Stlth+}
  3885 | D:4      | Found Pocecheh's Distillery.
  3889 | D:4      | Bought a potion of heal wounds for 65 gold pieces
  4013 | D:4      | Found a staircase to the Ecumenical Temple.
  4042 | Temple   | Entered the Ecumenical Temple
  4193 | D:4      | Found a sparkling altar of Nemelex Xobeh.
  4349 | D:4      | Found a bloodstained altar of Trog.
  4350 | D:4      | Found a hide-covered altar of Uskayaw.
  4350 | D:4      | Found a shimmering altar of Xom.
  4640 | D:5      | Entered Level 5 of the Dungeon
  4708 | D:5      | Your scales start taking on a lurid green colour.
  4708 | D:5      | Reached XP level 7. HP: 43/56 MP: 12/13
  4708 | D:5      | Gained mutation: Your system is resistant to poisons.
                  | (rPois) [Green Draconian growth]
  5242 | D:5      | Reached skill level 5 in Spellcasting
  5336 | D:5      | Noticed a hornet
  5346 | D:5      | Killed a hornet
  5347 | D:5      | Reached XP level 8. HP: 63/63 MP: 14/15
  5352 | D:5      | Learned a level 4 spell: Iskenderun's Mystic Blast
  6129 | D:6      | Reached skill level 1 in Translocations
  6205 | D:6      | Noticed Sigmund
  6219 | D:6      | Killed Sigmund
  6327 | D:6      | Reached XP level 9. HP: 71/71 MP: 17/18
  6460 | D:6      | Noticed Eustachio
  6493 | D:6      | Killed Eustachio
  7432 | D:6      | Found a basalt altar of Yredelemnul.
  7765 | D:7      | Found a flagged portal.
  7805 | Bailey   | Entered a bailey
  8413 | Bailey   | Reached XP level 10. HP: 74/80 MP: 3/21
  8432 | Bailey   | Identified the amulet "Mal Toiri" {Reflect rPois rC- Dex+3
                  | SH+5}
  8997 | Bailey   | Identified the +3 dire flail of the Warrior {spect, rN+
                  | Str+3 Int-3}
  9195 | D:7      | Noticed Jeremiah
  9254 | D:7      | Killed Jeremiah
  9508 | D:7      | Found an iron altar of Okawaru.
  9653 | D:7      | Identified a scroll of acquirement
  9654 | D:7      | Identified the of Yqaumol (You acquired it on level 7 of
                  | the Dungeon)
 10139 | D:8      | Reached skill level 5 in Unarmed Combat
 10737 | D:9      | Reached skill level 5 in Fighting
 10751 | D:9      | Learned a level 6 spell: Bombard
 10897 | D:9      | Reached skill level 5 in Dodging
 11074 | D:9      | Reached skill level 10 in Conjurations
 11531 | D:9      | Reached skill level 1 in Earth Magic
 11862 | D:10     | Entered Level 10 of the Dungeon
 11957 | D:10     | Noticed a two-headed ogre
 11969 | D:10     | Killed a two-headed ogre
 11970 | D:10     | Reached XP level 11. HP: 88/88 MP: 20/23
 12442 | D:10     | HP: 4/88 [molten gargoyle/bolt of magma (8)]
 12445 | D:10     | Found a glowing golden altar of the Shining One.
 12445 | D:10     | Found a snail-covered altar of Cheibriados.
 12473 | D:10     | Became a worshipper of Cheibriados the Contemplative
 13507 | D:11     | Reached skill level 1 in Evocations
 13664 | D:11     | Reached * piety under Cheibriados
 13709 | D:11     | Reached skill level 1 in Invocations
 13726 | D:11     | Noticed a two-headed ogre
 13730 | D:11     | Noticed a two-headed ogre
 13735 | D:11     | Killed a two-headed ogre
 13741 | D:11     | Killed a two-headed ogre
 13803 | D:11     | Found the +8 pair of quick blades "Gyre" and "Gimble"
                  | {protect}
 13865 | D:11     | Noticed a two-headed ogre
 13866 | D:11     | Noticed an ogre mage
 13879 | D:11     | Noticed a two-headed ogre
 13880 | D:11     | Paralysed by something for 5 turns
 13881 | D:11     | Noticed a two-headed ogre
 13885 | D:11     | Killed an ogre mage
 13887 | D:11     | Killed a two-headed ogre
 13891 | D:11     | Killed a two-headed ogre
 13892 | D:11     | Killed a two-headed ogre
 14241 | D:11     | Found a staircase to the Orcish Mines.
 14560 | D:11     | Reached ** piety under Cheibriados
 14566 | D:11     | Reached XP level 12. HP: 49/97 MP: 24/25
 14735 | D:11     | Noticed a seven-headed hydra
 14746 | D:11     | Killed a seven-headed hydra
 14747 | D:11     | Reached skill level 1 in Short Blades
 14954 | D:11     | Found a staircase to the Lair.
 15198 | Lair:1   | Entered Level 1 of the Lair of Beasts
 15206 | Lair:1   | Reached skill level 5 in Translocations
 15252 | Lair:1   | Reached skill level 1 in Shapeshifting
 15255 | Lair:1   | Found a gate leading to a gauntlet.
 15274 | Gauntlet | Entered a Gauntlet
 15274 | Gauntlet | Found a transporter.
 15278 | Gauntlet | Noticed a catoblepas
 15284 | Gauntlet | Found a transporter.
 15299 | Gauntlet | Found a transporter.
 15301 | Gauntlet | Found a large runed translucent door.
 15301 | Gauntlet | Found a large runed translucent door.
 15302 | Gauntlet | Found a large runed translucent door.
 15302 | Gauntlet | Found a large runed translucent door.
 15303 | Gauntlet | Found a large runed translucent door.
 15303 | Gauntlet | Found a large runed translucent door.
 15303 | Gauntlet | Found a runed translucent door.
 15303 | Gauntlet | Found a runed translucent door.
 15303 | Gauntlet | Found a large runed translucent door.
 15304 | Gauntlet | Found a transporter.
 15314 | Gauntlet | Noticed an entropy weaver
 15321 | Gauntlet | Found a transporter.
 15335 | Gauntlet | Found a large runed translucent door.
 15336 | Gauntlet | Found a large runed translucent door.
 15337 | Gauntlet | Found a large runed translucent door.
 15337 | Gauntlet | Found a large runed translucent door.
 15338 | Gauntlet | Found a runed translucent gate.
 15338 | Gauntlet | Noticed a dire elephant
 15339 | Gauntlet | Found a transporter.
 15339 | Gauntlet | Found a runed translucent gate.
 15340 | Gauntlet | Found a runed translucent gate.
 15341 | Gauntlet | Found a large runed translucent door.
 15341 | Gauntlet | Found a large runed translucent door.
 15342 | Gauntlet | Found a large runed translucent door.
 15343 | Gauntlet | Found a large runed translucent door.
 15351 | Gauntlet | Found a transporter.
 15354 | Gauntlet | Noticed a quicksilver ooze
 15363 | Gauntlet | Found a transporter.
 15366 | Gauntlet | Noticed a hell hog
 15371 | Gauntlet | Found a transporter.
 15388 | Gauntlet | Found a transporter.
 15396 | Gauntlet | Noticed a quicksilver ooze
 15400 | Gauntlet | Found a transporter.
 15417 | Gauntlet | Found a transporter.
 15435 | Gauntlet | Found a transporter.
 15437 | Gauntlet | Found a transporter.
 15440 | Gauntlet | Noticed a tengu warrior
 15462 | Gauntlet | Found a transporter.
 15464 | Gauntlet | Found a transporter.
 15484 | Gauntlet | Found a transporter.
 15558 | Gauntlet | Found a large runed translucent door.
 15598 | Gauntlet | Found a transporter.
 15809 | Gauntlet | Learned a level 4 spell: Olgreb's Toxic Radiance
 15846 | Gauntlet | Killed a catoblepas
 16045 | Gauntlet | Killed a dire elephant
 16046 | Gauntlet | Reached skill level 1 in Poison Magic
 16168 | Gauntlet | Identified the +1 pair of gloves of Inevitability {Slay+2}
 16213 | Gauntlet | Noticed a minotaur
 16232 | Gauntlet | Killed a minotaur
 16456 | Lair:1   | Noticed a boulder beetle
 16471 | Lair:1   | Killed a boulder beetle
 16478 | Lair:1   | Reached skill level 10 in Spellcasting
 16519 | Lair:1   | Reached *** piety under Cheibriados
 17713 | Lair:2   | Found a staircase to the Snake Pit.
 17717 | Lair:2   | Reached **** piety under Cheibriados
 17968 | Lair:2   | Reached XP level 13. HP: 95/105 MP: 27/27
 18361 | Lair:2   | Reached ***** piety under Cheibriados
 18475 | Lair:2   | Found a staircase to the Swamp.
 19019 | Lair:3   | Reached skill level 5 in Short Blades
 19019 | Lair:3   | Reached skill level 5 in Earth Magic
 20632 | Lair:4   | Reached skill level 5 in Invocations
 20767 | Lair:4   | Noticed Kirke
 20778 | Lair:4   | Killed Kirke
 20858 | Lair:4   | Found a staircase to the Slime Pits.
 21017 | Lair:4   | Reached ****** piety under Cheibriados
 21029 | Lair:4   | Acquired the ring of Ucal {rElec rPois rF+ Int+3}
 21052 | Lair:4   | Reached skill level 5 in Poison Magic
 21114 | Lair:4   | Gained mutation: Your tail ends in a venomous barb. [Green
                  | Draconian growth]
 21114 | Lair:4   | Reached XP level 14. HP: 115/115 MP: 25/29
 21428 | Lair:4   | Noticed Nessos
 21440 | Lair:4   | Killed Nessos
 21903 | Lair:5   | Entered Level 5 of the Lair of Beasts
 22147 | Lair:5   | Learned a level 4 spell: Airstrike
 22821 | Lair:5   | Reached skill level 1 in Air Magic
 23593 | Lair:5   | Identified the +0 pair of boots of Mohaffa {rC+}
 24109 | D:12     | Found a portal to a secret trove of treasure.
 25157 | D:12     | Noticed a storm dragon
 25161 | D:12     | Noticed a tengu reaver
 25167 | D:12     | Killed a storm dragon
 25174 | D:12     | Killed a tengu reaver
 25241 | D:12     | Reached XP level 15. HP: 70/124 MP: 1/30
 25986 | D:13     | Noticed Lodul
 26001 | D:13     | Killed Lodul
 26535 | D:13     | Found an opulent altar of Gozag.
 27314 | D:13     | Found a gate to the Vaults.
 27590 | D:14     | Noticed Snorg
 27594 | D:14     | Killed Snorg
 27641 | D:14     | Found Nuych's Armour Shop.
 28398 | D:14     | Found Gefielo's Jewellery Shoppe.
 28573 | D:14     | Bought an amulet of magic regeneration for 360 gold pieces
 28616 | D:14     | Found a stormy altar of Qazlal.
 28767 | D:14     | Reached skill level 5 in Shapeshifting
 28932 | D:15     | Entered Level 15 of the Dungeon
 29772 | D:15     | Learned a level 6 spell: Plasma Beam
 29779 | D:15     | Identified the +9 flail "Geraj" {drain, Int+4}
 29918 | D:15     | Found a staircase to the Depths.
 30134 | D:14     | Bought a maw talisman for 480 gold pieces
 30203 | Orc:1    | Entered Level 1 of the Orcish Mines
 30217 | Orc:1    | Found Keowk's Assorted Antiques.
 30225 | Orc:1    | Bought a scroll of revelation for 270 gold pieces
 30225 | Orc:1    | Bought a leather armour for 72 gold pieces
 30228 | Orc:1    | Found Olaohaa's Assorted Antiques.
 30509 | Orc:2    | Entered Level 2 of the Orcish Mines
 30706 | Orc:2    | Noticed Josephine
 30713 | Orc:2    | Killed Josephine
 30882 | Orc:2    | Found a staircase to the Elven Halls.
 31078 | Orc:1    | Found Izounov's Jewellery Emporium.
 31078 | Orc:1    | Found Woecwa Benan's Assorted Antiques.
 31081 | Orc:1    | Reached skill level 5 in Air Magic
 31150 | Orc:1    | Bought 2 bubbling white potions for 34 gold pieces
 31621 | Orc:2    | Reached XP level 16. HP: 51/133 MP: 5/33
 31819 | Orc:2    | Found Ororep's Antique Armour Shoppe.
 31819 | Orc:2    | Found Obuminuik's Armour Shoppe.
 31822 | Orc:2    | Found Searaz's General Store.
 31824 | Orc:2    | Found Cymaapit's Assorted Antiques.
 31859 | Orc:2    | Reached skill level 1 in Fire Magic
 32071 | Swamp:1  | Entered Level 1 of the Swamp
 32781 | Swamp:1  | Learned a level 4 spell: Brom's Barrelling Boulder
 32788 | Swamp:1  | Learned a level 5 spell: Arcjolt
 33452 | Swamp:2  | Noticed Louise
 33462 | Abyss:2  | Cast into level 2 of the Abyss (Louise)
 33463 | Abyss:2  | Found a corrupted altar of Lugonu.
 33465 | Abyss:2  | Noticed a tentacled starspawn
 33474 | Abyss:2  | Killed from afar by a wretched star

Illustrated notes

Levels and vault maps discovered:
D:1:      orjb1_clovarrival, layout_basic
D:2:      minmay_door_path, layout_loops_corners, corner_web_ring
D:3:      layout_rooms, old_standard_altar, gammafunk_ghost_necromancy,
          uniq_terence
D:4:      layout_basic, chequers_temple_overflow_statue_of_worship,
          nemelex_diamond_rough_becter, minmay_temple_entry_junction,
          serial_shops, shop
D:5:      wad_river_or_something, layout_rooms
D:6:      layout_basic, nicolae_yredelemnul_corpse_copse, uniq_eustachio,
          uniq_sigmund
D:7:      layout_rooms, okawaru_ov_weapons_minmay, enter_bailey_5, uniq_jeremiah
D:8:      layout_loops_ring
D:9:      layout_basic
D:10:     layout_stronghold, marbit_many_paths, grunt_temple_overflow_open,
          kennysheep_cluttered_room, minivault_8
D:11:     layout_irregular_city, lair_entry_dummy,
          minmay_orc_entry_temple_small, hellmonk_guarded_unrand_gyre_and_gimble
D:12:     lemuel_traditional_vault, layout_gridville,
          nicolae_trove_entry_crossroad
D:13:     layout_basic, grunt_vaults_entry_fortified,
          nicolae_gozag_cash_rules_everything_around_me, uniq_lodul
D:14:     layout_loops_ring, serial_shops, nicolae_shop_scrapyard,
          nicolae_shop_tiny_waterfront, grunt_qazlal_clouds, uniq_snorg
D:15:     hellmonk_depths_entry_around_the_bend, layout_irregular_city,
          serial_column_ruins, column_ruins_hut, column_ruins_open_tiny,
          column_ruins_open_small, column_ruins_open_medium,
          column_ruins_columns_dead_end, column_ruins_open_tiny,
          column_ruins_corridor_straight, grunt_decor_mini_mirrors
Temple:   nicolae_temple_hex_pool
Lair:1:   layout_cave_pods, gauntlet_entry_generic,
          nicolae_lair_run_with_the_wolves
Lair:2:   layout_regular_city, minmay_swamp_entry_worms,
          guppyfry_snake_entry_garden, kennysheep_rathole
Lair:3:   layout_regular_city, grunt_megastairs_1, infiniplex_staircase_pool_2
Lair:4:   layout_regular_city, slime_entry_1, cheibrodos_lair_reptile_den,
          infiniplex_staircase_pool, uniq_kirke, uniq_nessos
Lair:5:   minmay_lair_end_frog_pond, layout_regular_city, serial_bayou_ford_a
Swamp:1:  layout_basic_swamp, evilmike_swamp_ruin_house_5
Swamp:2:  layout_falls_marsh, evilmike_swamp_ruin_wall, swamp_pool3, uniq_louise
Orc:1:    layout_caves, serial_shops, nicolae_shop_tiny_glass, shop,
          nicolae_shop_waterfront, shop, nicolae_orc_pool_cavern
Orc:2:    st_orc_mages, layout_diamond_mine, basic_altar,
          nicolae_orc_tapped_out, uniq_josephine
Abyss:2:  base: D:12, hangedman_shadowy_showcase

Skill      XL: |  1  2  3  4  5  6  7  8  9 10 11 12 13 14 15 16 |
---------------+-------------------------------------------------+-----
Fighting       | 1 2 3 4 5 6 7 8 9 |  9.8
Dodging        | 2 3 4 5 6 7 8 |  8.7
Stealth        | 2 3 4 |  4.8
Unarmed Combat | 1 2 3 4 5 6 |  6.1
Spellcasting   | 3 4 5 6 7 8 9 10 11 13 | 13.4
Conjurations   | 5 6 8 9 10 11 12 13 | 13.0
Translocations | 1 2 3 4 6 7 8 |  8.5
Earth Magic    | 1 3 4 5 6 7 |  7.1
Evocations     | 1 |  1.0
Invocations    | 2 3 5 6 7 |  7.4
Short Blades   | 3 6 7 8 |  8.7
Shapeshifting  | 2 3 4 5 |  5.7
Poison Magic   | 3 5 |  5.4
Air Magic      | 3 5 6 |  6.0
Fire Magic     | 1 |  1.4

Action                     |  1- 3 |  4- 6 |  7- 9 | 10-12 | 13-15 | 16-18 || total
---------------------------+-------+-------+-------+-------+-------+-------++-------
  Melee: Unarmed           |    65 |       |    11 |    54 |       |       ||   130
         Tailslap          |     6 |       |     2 |   101 |   372 |     2 ||   483
         Punch             |     2 |       |       |     2 |     7 |       ||    11
         Pair of quick bla |       |       |       |   447 |  1418 |    11 ||  1876
         Quick blade       |       |       |       |       |    56 |       ||    56
   Cast: Magic Dart        |    91 |    91 |   174 |   150 |    14 |       ||   520
         Searing Ray       |     1 |    13 |    80 |   102 |     3 |       ||   199
         Iskenderun's Myst |       |       |       |    91 |    36 |    16 ||   143
         Olgreb's Toxic Ra |       |       |       |     3 |    56 |     3 ||    62
         Bombard           |       |       |       |     3 |   148 |       ||   151
         Airstrike         |       |       |       |       |   170 |    96 ||   266
         Brom's Barrelling |       |       |       |       |       |    13 ||    13
         Arcjolt           |       |       |       |       |       |     4 ||     4
 Invoke: Slouch            |       |       |       |       |     1 |       ||     1
Ability: Breathe Noxious F |       |       |    22 |    23 |       |     3 ||    48
  Evoke: Wand              |       |       |       |     5 |     3 |       ||     8
         Phial of floods   |       |       |       |     1 |       |       ||     1
         Phantom mirror    |       |       |       |     1 |       |       ||     1
         Lightning rod     |       |       |       |       |     2 |     2 ||     4
         Condenser vane    |       |       |       |       |     1 |       ||     1
    Use: Scroll            |       |       |     5 |    13 |     5 |     2 ||    25
         Potion            |       |       |       |     5 |     2 |     3 ||    10
   Stab: Confused          |       |       |       |     4 |       |     1 ||     5
         Sleeping          |       |       |       |     6 |     9 |       ||    15
         Distracted        |       |       |       |       |     1 |       ||     1
 Armour: Skin              |    43 |    19 |    85 |   219 |   362 |    44 ||   772
  Dodge: Dodged            |    37 |    24 |   185 |   314 |   566 |    31 ||  1157

Table legend: (Time is in decaauts)
 A = Elapsed time spent in this place.
 B = Non-inter-level travel time spent in this place.
 C = Inter-level travel time spent in this place.
 D = Time resting spent in this place.
 E = Time spent auto-exploring this place.
 F = Levels seen in this place.
 G = Mean time per level.
                   A        B        C        D        E       F      G
               +--------+--------+--------+--------+--------+-----+--------+
         Total |  41644 |  40075 |   1569 |   2504 |  31843 |  28 | 1487.3 |
       Dungeon |  23533 |  22522 |   1011 |   1750 |  17920 |  15 | 1568.9 |
        Temple |      1 |      1 |      0 |      0 |      0 |   1 |    1.0 |
          Lair |  10736 |  10383 |    353 |    295 |   8629 |   5 | 2147.2 |
         Swamp |   1868 |   1831 |     37 |      0 |   1603 |   2 |  934.0 |
  Orcish Mines |   2777 |   2611 |    166 |      0 |   2258 |   2 | 1388.5 |
         Abyss |     17 |     17 |      0 |      0 |      0 |   1 |   17.0 |
        Bailey |   1252 |   1252 |      0 |    239 |    636 |   1 | 1252.0 |
      Gauntlet |   1457 |   1457 |      0 |    220 |    795 |   1 | 1457.0 |
               +--------+--------+--------+--------+--------+-----+--------+

Top non-repeatable levels by time:
    D:12: 2650 daAuts
  Lair:5: 2548 daAuts
  Lair:3: 2484 daAuts
  Lair:4: 2351 daAuts
    D:13: 2349 daAuts
    D:11: 2288 daAuts
    D:14: 1965 daAuts
    D:15: 1924 daAuts
    D:10: 1738 daAuts
  Lair:1: 1730 daAuts
   Orc:2: 1644 daAuts
     D:6: 1624 daAuts
  Lair:2: 1621 daAuts
 Swamp:1: 1561 daAuts
     D:5: 1473 daAuts
